 Dungeon Crawl Stone Soup version 0.31-a0-700-gf13585253f (webtiles) character file.

Game seed: 247342752469532796

1199 qw the Skirmisher (level 8, -6/49 HPs)
             Began as a Gargoyle Hunter on Sept 7, 2023.
             Mangled by an ogre
             ... wielding a +0 giant club
              (14 damage)
             ... on level 6 of the Dungeon.
             The game lasted 00:01:36 (3585 turns).

qw the Skirmisher (Gargoyle Hunter)                 Turns: 3585, Time: 00:01:37

Health: -6/49      AC: 15    Str: 15    XL:     8   Next: 44%
Magic:  8/8        EV: 11    Int: 10    God:
Gold:   177        SH:  0    Dex: 15    Spells: 7/7 levels left

rFire   . . .        Y - +0 orcbow
rCold   . . .        (shield currently unavailable)
rNeg    + . .        g - +0 ring mail
rPois   inf          k - +0 helmet
rElec   +            e - +0 cloak
rCorr   .            b - +0 pair of gloves
SInv    .            l - +0 pair of boots
Will    .....        (no amulet)
Stlth   +            (no ring)
HPRegen 0.28/turn    (no ring)
MPRegen 0.11/turn

%: no passive effects
@: no status effects
A: sickness immunity, AC +5, negative energy resistance 1, electricity
resistance, torment resistance 1, petrification resistance
a: no special abilities


You were on level 6 of the Dungeon.
You visited 2 branches of the dungeon, and saw 7 of its levels.

You collected 177 gold pieces.


Innate Abilities, Weirdness & Mutations

You are immune to sickness and miasma.
Your stone body is resilient. (AC +5)
You are immune to poison.
You resist negative energy. (rN+)
You are resistant to electric shocks. (rElec)
You are resistant to unholy torment.
You are immune to petrification.


   Skills:
 + Level 5.0 Fighting
 - Level 9.1 Ranged Weapons
 - Level 3.1 Armour
 - Level 2.1 Dodging
 - Level 1.1 Stealth


You had 7 spell levels left.
You didn't know any spells.
Your spell library was empty.

Inventory:

Hand Weapons
 Y - a +0 orcbow (weapon)
Armour
 b - a +0 pair of gloves (worn)
 e - a +0 cloak (worn)
 g - a +0 ring mail (worn)
 k - a +0 helmet (worn)
 l - a +0 pair of boots (worn)
Scrolls
 f - a scroll of identify
Potions
 c - a potion of enlightenment
 d - a potion of cancellation {unknown}
 h - a potion of haste
 i - 3 potions of curing
 j - a potion of invisibility {unknown}
 m - a potion of might {unknown}
 n - a potion of attraction {unknown}

Dungeon Overview and Level Annotations

Branches:
Dungeon (6/15)             Temple (1/1) D:5

Altars:
Cheibriados
Dithmenos
Elyvilon
Gozag
Hepliaklqana
Kikubaaqudgha
Makhleb
Qazlal
Ru
Sif Muna
Trog
Wu Jian
Xom
Yredelemnul
Zin
The Shining One

Annotations:
D:5 3 runed translucent doors, qw's ghost, novice GrHu


Message History

The ball of steam misses you.
You shoot an arrow. The arrow hits the steam dragon.
The steam dragon is severely wounded.
You are engulfed in a cloud of scalding steam.
The steam dragon breathes steam at you. The ball of steam hits you!
The orc hits you with a +0 flail. The steam dragon bites you.
The steam dragon claws you but does no damage.
The orc hits you but does no damage.
3579 ||| READING scroll of teleportation.
As you read the scroll of teleportation, it crumbles to dust.
You feel strangely unstable.
You are engulfed in a cloud of scalding steam.
The ogre barely misses you. The orc hits you but does no damage.
The orc misses you.
The steam dragon bites you but does no damage.
The steam dragon claws you but does no damage.
You shoot an arrow.
The arrow closely misses the steam dragon.
The ogre closely misses you. The orc hits you but does no damage.
The orc barely misses you. The steam dragon barely misses you.
The steam dragon claws you but does no damage.
You shoot an arrow. The arrow hits the steam dragon!
You kill the steam dragon!
Your surroundings seem slightly different.
Your Ranged Weapons skill increases to level 9!
You shoot an arrow.
The arrow hits the ogre but does no damage.
The orc hits you but does no damage. The ogre barely misses you.
You shoot an arrow. The arrow hits the ogre.
The ogre is lightly wounded.
The orc barely misses you. The orc hits you but does no damage.
The ogre misses you.
You shoot an arrow. The arrow barely misses the ogre.
The orc hits you with a +0 flail. The orc barely misses you.
You shoot an arrow. The arrow hits the ogre.
The ogre is moderately wounded.
The orc misses you. The orc closely misses you.
The ogre hits you with a +0 giant club!
You die...

?[.............
...).##.######
.....##.##
.....##..###
.....##....##
.....##.##..####
....)##.###.[..######
.....##.##..........#
...####<##......@O..#
......)###.......oo)#
.......#
##########/.#
###...%####### #.....
###...........
........
#......#######
#....... #......#
#....... #......#
....... ###....#
.<...>.


You could see an ogre and 2 orcs.

Vanquished Creatures
  A steam dragon (D:6)
  Menkaure (D:4)
  Duvessa (D:4)
  A water moccasin (D:5)
  A phantom (D:6)
  2 centaurs
  2 scorpions (D:5)
  Dowan (D:4)
  2 jellies
  A hound (D:6)
  An orc priest (D:3)
  2 orc wizards
  8 adders
  A shadow imp (D:6)
  An ufetubus (D:5)
  2 worms
  3 dart slugs
  9 orcs
  3 ball pythons
  8 endoplasms
  2 giant cockroaches
  4 goblins
  5 hobgoblins
  8 jackals
  4 kobolds
  2 quokkas
  3 frilled lizards
  3 rats
82 creatures vanquished.

Vanquished Creatures (others)
  A black bear (D:6)
  2 orcs (D:6)
3 creatures vanquished.

Grand Total: 85 creatures vanquished

Notes
Turn   | Place    | Note
-------+----------+-------------------------------------------
     0 | D:1      | qw the Gargoyle Hunter began the quest for the Orb.
     0 | D:1      | Reached XP level 1. HP: 12/12 MP: 1/1
     0 | D:1      | 0 ||| qw: Version: 0.3-a-76-g4403597
     0 | D:1      | 0 ||| qw: Game counter: 706
     0 | D:1      | 0 ||| qw: Melee chars always use a shield: true
     0 | D:1      | 0 ||| qw: God list: Okawaru
     0 | D:1      | 0 ||| qw: Allow faded altars: false
     0 | D:1      | 0 ||| qw: Do Orc after clearing Dungeon:15 true
     0 | D:1      | 0 ||| qw: Do second Lair branch before Depths: true
     0 | D:1      | 0 ||| qw: Lair rune preference: random
     0 | D:1      | 0 ||| qw: Goals: Normal
     0 | D:1      | 0 ||| PLANNING D:1-11
    55 | D:1      | 55 ||| DROPPING scroll of butterflies.
    74 | D:1      | Reached XP level 2. HP: 17/17 MP: 2/2
   393 | D:1      | 393 ||| READING scroll labelled YRUPNIM MOIN.
   396 | D:1      | 396 ||| READING scroll labelled LAENIU PUPRUO.
   397 | D:1      | 397 ||| READING scroll labelled MIGEIKA BIOS.
   398 | D:1      | 398 ||| READING scroll labelled KIQAT BEAN NUECKUQ.
   594 | D:2      | Reached XP level 3. HP: 21/21 MP: 3/3
   604 | D:2      | 604 ||| UPGRADING to +0 pair of gloves.
   609 | D:2      | 609 ||| UPGRADING to +0 cloak.
   808 | D:2      | Reached skill level 5 in Ranged Weapons
   893 | D:2      | Reached skill level 3 in Fighting
   977 | D:2      | Reached XP level 4. HP: 28/28 MP: 4/4
  1070 | D:2      | Reached skill level 1 in Armour
  1114 | D:2      | 1114 ||| UPGRADING to +0 ring mail.
  1124 | D:2      | 1124 ||| DROPPING +0 leather armour.
  1125 | D:2      | 1125 ||| DRINKING 2 silvery potions.
  1284 | D:3      | Reached XP level 5. HP: 19/32 MP: 5/5
  1446 | D:3      | Reached skill level 6 in Ranged Weapons
  1765 | D:3      | 1765 ||| UPGRADING to +0 helmet.
  1770 | D:3      | 1770 ||| UPGRADING to +0 pair of boots.
  1775 | D:3      | 1775 ||| READING 2 scrolls of identify.
  1775 | D:3      | 1775 ||| IDENTIFYING lumpy golden potion
  1854 | D:4      | Noticed Dowan
  1856 | D:4      | Noticed Duvessa
  1857 | D:4      | 1857 ||| RETREATING.
  1859 | D:4      | 1859 ||| RETREATING.
  1862 | D:4      | 1862 ||| RETREATING.
  1879 | D:4      | HP: 6/32 [Duvessa/+0 rapier (5)]
  1880 | D:4      | 1880 ||| READING 2 scrolls of teleportation.
  2090 | D:4      | Noticed Menkaure
  2096 | D:4      | HP: 4/32 [Menkaure (8)]
  2097 | D:4      | 2097 ||| READING scroll of teleportation.
  2231 | D:4      | Killed Menkaure
  2232 | D:4      | Reached XP level 6. HP: 40/40 MP: 6/6
  2356 | D:4      | 2356 ||| RETREATING.
  2359 | D:4      | 2359 ||| Stepping ~*~*~tactically~*~*~ (retreating).
  2360 | D:4      | 2360 ||| Stepping ~*~*~tactically~*~*~ (retreating).
  2361 | D:4      | 2361 ||| Stepping ~*~*~tactically~*~*~ (retreating).
  2362 | D:4      | 2362 ||| Stepping ~*~*~tactically~*~*~ (retreating).
  2363 | D:4      | 2363 ||| Stepping ~*~*~tactically~*~*~ (retreating).
  2364 | D:4      | 2364 ||| Stepping ~*~*~tactically~*~*~ (retreating).
  2365 | D:4      | 2365 ||| Stepping ~*~*~tactically~*~*~ (retreating).
  2380 | D:4      | HP: 9/40 [Duvessa/+0 rapier (5)]
  2381 | D:4      | Killed Duvessa
  2384 | D:4      | Killed Dowan
  2385 | D:4      | Reached XP level 7. HP: 9/44 MP: 7/7
  2792 | D:4      | 2792 ||| DROPPING ring of wizardry.
  2793 | D:4      | 2793 ||| DRINKING 2 orange potions.
  2804 | D:5      | Entered Level 5 of the Dungeon
  2819 | D:5      | Reached skill level 7 in Ranged Weapons
  2860 | D:5      | Found a staircase to the Ecumenical Temple.
  2861 | D:5      | 2861 ||| PLANNING TEMPLE
  2872 | D:5      | 2872 ||| READING scroll labelled LEMYTW PIFONK.
  2878 | Temple   | Entered the Ecumenical Temple
  2879 | Temple   | 2879 ||| PLANNING D:1-11
  2910 | D:5      | Reached skill level 8 in Ranged Weapons
  2962 | D:5      | Found a glowing silver altar of Zin.
  3000 | D:5      | 3000 ||| READING scroll of brand weapon.
  3000 | D:5      | 3000 ||| BRANDING +0 shortbow of flaming.
  3062 | D:5      | Reached skill level 3 in Armour
  3121 | D:5      | 3121 ||| SWAPPING to +0 orcbow.
  3122 | D:5      | 3122 ||| DROPPING +0 shortbow of chaos.
  3170 | D:5      | Reached XP level 8. HP: 49/49 MP: 8/8
  3308 | D:5      | Found a shadowy altar of Dithmenos.
  3332 | D:5      | Found a runed translucent gate.
  3333 | D:5      | Found a runed translucent gate.
  3333 | D:5      | Found a runed translucent gate.
  3335 | D:5      | Noticed qw's ghost (novice GrHu)
  3343 | D:5      | 3343 ||| READING scroll labelled NUSHRE WUHY.
  3413 | D:6      | 3413 ||| FLEEEEING.
  3414 | D:6      | 3414 ||| FLEEEEING.
  3415 | D:6      | 3415 ||| FLEEEEING.
  3416 | D:6      | 3416 ||| FLEEEEING.
  3417 | D:6      | 3417 ||| FLEEEEING.
  3418 | D:6      | 3418 ||| FLEEEEING.
  3419 | D:6      | 3419 ||| FLEEEEING.
  3422 | D:6      | 3422 ||| FLEEEEING.
  3423 | D:6      | 3423 ||| FLEEEEING.
  3424 | D:6      | 3424 ||| FLEEEEING.
  3425 | D:6      | 3425 ||| FLEEEEING.
  3426 | D:6      | 3426 ||| STAIRDANCE
  3572 | D:6      | 3572 ||| Stepping ~*~*~tactically~*~*~ (retreating).
  3573 | D:6      | 3573 ||| Stepping ~*~*~tactically~*~*~ (retreating).
  3578 | D:6      | HP: 10/49 [orc/+0 flail (3)]
  3579 | D:6      | 3579 ||| READING scroll of teleportation.
  3582 | D:6      | Reached skill level 9 in Ranged Weapons
  3584 | D:6      | HP: 7/49 [orc/+0 flail (3)]
  3585 | D:6      | Mangled by an ogre

Levels and vault maps discovered:
D:1:      tarquinn_simple_flora_water_d, layout_rooms, minivault_23,
          nicolae_concentric_dashed_squares_wild
D:2:      layout_basic, kennysheep_cross_bottleneck, hangedman_decor_push
D:3:      layout_rooms, minmay_distorted
D:4:      layout_basic, uniq_menkaure, uniq_duvessa
D:5:      layout_cave_pools, mainiacjoe_overflow_swirl,
          minmay_temple_entry_enclosed_plants, gammafunk_ghost_necromancy
D:6:      layout_basic, grunt_temple_overflow_open, serial_shops,
          nicolae_shop_just_a_little_nook, minmay_misc_feat_doors
Temple:   nicolae_temple_great_sept

Skill      XL: |  1  2  3  4  5  6  7  8 |
---------------+-------------------------+-----
Ranged Weapons | 5 6 8 9 |  9.1
Fighting       | 3 4 5 |  5.0
Armour         | 1 2 3 |  3.1
Dodging        | 2 |  2.1
Stealth        | |  1.1

Action                     |  1- 3 |  4- 6 |  7- 9 || total
---------------------------+-------+-------+-------++-------
   Fire: Shortbow          |    76 |   157 |    69 ||   302
         Orcbow            |       |       |    66 ||    66
    Use: Scroll            |     4 |     3 |     4 ||    11
         Potion            |       |     1 |     1 ||     2
 Armour: Leather armour    |    28 |       |       ||    28
         Ring mail         |       |    98 |   117 ||   215
  Dodge: Dodged            |    24 |    47 |    74 ||   145

Table legend:
 A = Non-vault XP
 B = Vault XP
 C = Vault XP percentage of total XP
 D = Non-vault monster count
 E = Vault monster count
 F = Vault count percentage of total count
                 A         B        C        D         E       F
            +---------+---------+-------+---------+---------+-------
      Total |    1331 |     383 |  22.3 |      79 |       5 |   6.0
            +---------+---------+-------+---------+---------+-------
        D:1 |      21 |       0 |   0.0 |      11 |       0 |   0.0
        D:2 |      70 |       0 |   0.0 |      17 |       0 |   0.0
        D:3 |     154 |       5 |   3.1 |      24 |       2 |   7.7
        D:4 |      51 |     378 |  88.1 |       4 |       3 |  42.9
        D:5 |     536 |       0 |   0.0 |      15 |       0 |   0.0
        D:6 |     499 |       0 |   0.0 |       8 |       0 |   0.0
            +---------+---------+-------+---------+---------+-------
